 Dungeon Crawl Stone Soup version 0.30-a0-743-gbfdf073431 (webtiles) character file.

Game seed: 5655072318819030584

294 ZeroWinrate the Sneak (level 6, -18/56 HPs)
             Began as an Armataur Delver on Feb 6, 2023.
             Demolished by Menkaure (21 damage)
             ... on level 5 of the Dungeon.
             The game lasted 00:05:18 (1303 turns).

ZeroWinrate the Sneak (Armataur Delver)             Turns: 1303, Time: 00:05:18

Health: -18/56     AC:  4    Str: 17    XL:     6   Next: 11%
Magic:  9/9        EV:  9    Int: 12    God:
Gold:   26         SH:  0    Dex: 12    Spells: 9/9 levels left

rFire   . . .      SeeInvis .    a - +1 hand axe
rCold   . . .      Faith    .    (no shield)
rNeg    . . .      Spirit   .    b - +0 leather armour
rPois   .          Reflect  .    (no helmet)
rElec   .          Harm     .    (no cloak)
rCorr   .          Roll     +    (no gloves)
Will    .....                    (no barding)
Stlth   +++                      (no amulet)
HPRegen 0.29/turn                (no ring)
MPRegen 0.11/turn                (no ring)

@: no status effects
A: large, rugged brown scales 3, deformed body, armoured tail, roll, long
tongue, awkward tongue
a: no special abilities


You were on level 5 of the Dungeon.
You visited 1 branch of the dungeon, and saw 1 of its levels.
You also visited: Ossuary.

You collected 26 gold pieces.

Inventory:

Hand Weapons
 a - a +1 hand axe (weapon)
Armour
 b - a +0 leather armour (worn)
Wands
 g - a wand of digging (3)
Scrolls
 f - a scroll of magic mapping
 h - 2 scrolls of enchant weapon
Potions
 d - 2 potions of curing {unknown}
 i - 2 potions of flight {unknown}
 j - 4 potions of brilliance


   Skills:
 + Level 4.4 Fighting
 - Level 2.3 Axes
 - Level 1.9 Dodging
 - Level 5.9 Stealth
 + Level 2.4 Spellcasting


You had 9 spell levels left.
You didn't know any spells.
Your spell library was empty.

Dungeon Overview and Level Annotations

Branches:
Dungeon (5/15)            Ossuary (visited)
 Temple: D:4-7

Altars:
Ru

Annotations:
D:5 Dowan, Menkaure


Innate Abilities, Weirdness & Mutations

You are completely covered in rugged brown scales. (AC +3, +7% HP)
Armour fits poorly on your strangely shaped body.
You have a long armoured tail.
You roll when moving toward enemies. (Rampage)
Your long tongue fully drains potion bottles. (2x potion effects)
Your tongue gives you trouble enunciating. (1.5x scroll delay)


Message History

You start waiting.
Done waiting.
You see here a +0 hand axe.
Dowan is nearby!
Dowan is nearby!
Dowan is nearby!
No reachable target in view!
Menkaure, Prince of Dust comes into view.
Menkaure shouts!
You roll towards Menkaure!
You hit Menkaure.
Menkaure is lightly damaged.
Menkaure hits you!!
You hit Menkaure.
Menkaure is lightly damaged.
Menkaure hits you.
You hit Menkaure.
Menkaure is moderately damaged.
Menkaure hits you but does no damage.
You barely miss Menkaure.
Menkaure is moderately damaged.
Menkaure mumbles drily.
Menkaure calls on the powers of darkness!
Your body is wracked with pain!
You hit Menkaure but do no damage.
Menkaure is moderately damaged.
Menkaure barely misses you.
You closely miss Menkaure.
Menkaure is moderately damaged.
Menkaure gestures at you while chanting.
Pain shoots through your body!
* * * LOW HITPOINT WARNING * * *
You hit Menkaure. You tail-slap Menkaure.
Menkaure is heavily damaged.
Menkaure casts a spell at you. Pain shoots through your body!
* * * LOW HITPOINT WARNING * * *
You hit Menkaure.
Menkaure is severely damaged.
Menkaure hits you!!
You die...

.# #.##########.#
*,*,,,,,*,*, .#
#............# *,*,***,,,,<
.#
#..###########****,,,,,*,*,,,
.#
#.........,,,,,,,,,,,*,*,*,,,
##
##.#######************,*,*,,,
#.# *,*,*,*, #.# *,*,*,>, #.#
###########**,*,**** #.#
#..@M......,,,*,,,,, #.#
#.#########**,****** #.# #.#
*,* #.#######.# ***
#.........# ###########


You could see Menkaure.

Vanquished Creatures
  An elf zombie (Ossuary)
  A necrophage (D:5)
  2 human zombies (Ossuary)
  A centaur zombie (Ossuary)
  An orc priest (D:5)
  A mummy (Ossuary)
  An adder zombie (Ossuary)
  2 orcs (D:5)
  A goblin zombie (Ossuary)
  10 hobgoblin zombies (Ossuary)
  2 jackal zombies (Ossuary)
  10 kobold zombies (Ossuary)
  6 orc zombies (Ossuary)
  2 rat zombies (Ossuary)
41 creatures vanquished.

Notes
Turn   | Place    | Note
-------+----------+-------------------------------------------
     0 | D:5      | ZeroWinrate the Armataur Delver began the quest for the
                  | Orb.
     0 | D:5      | Reached XP level 1. HP: 19/19 MP: 1/1
    49 | D:5      | Noticed a necrophage
    59 | D:5      | Killed a necrophage
    60 | D:5      | Reached XP level 2. HP: 3/27 MP: 2/2
    60 | D:5      | Reached XP level 3. HP: 4/33 MP: 3/3
   116 | D:5      | Found a sand-covered staircase.
   192 | Ossuary  | Entered an ossuary
   271 | Ossuary  | Reached XP level 4. HP: 40/40 MP: 4/4
   448 | Ossuary  | Reached skill level 1 in Spellcasting
   575 | Ossuary  | Reached XP level 5. HP: 24/49 MP: 5/7
   936 | D:5      | Found a sacrificial altar of Ru.
   937 | D:5      | Noticed Dowan
   944 | D:5      | Reached XP level 6. HP: 11/56 MP: 9/9
  1294 | D:5      | Noticed Menkaure
  1303 | D:5      | Demolished by Menkaure

Illustrated notes

Levels and vault maps discovered:
D:5:      layout_basic, mainiacjoe_overflow_paths, nicolae_ossuary_entry_ruins,
          uniq_duvessa, uniq_crazy_yiuf_cottage, uniq_menkaure

Skill      XL: |  1  2  3  4  5 |
---------------+----------------+-----
Fighting       | 3 4 |  4.4
Axes           | 2 |  2.3
Spellcasting   | 1 2 |  2.4
Dodging        | |  1.9
Stealth        | |  5.9

Action                     |  1- 3 |  4- 6 || total
---------------------------+-------+-------++-------
  Melee: Hand axe          |    31 |   135 ||   166
         Tailslap          |     4 |    26 ||    30
    Use: Potion            |     1 |     2 ||     3
         Scroll            |     1 |     3 ||     4
   Stab: Sleeping          |     1 |     1 ||     2
 Armour: Leather armour    |     4 |    59 ||    63
  Dodge: Dodged            |    14 |    53 ||    67

Table legend: (Time is in decaauts)
 A = Elapsed time spent in this place.
 B = Non-inter-level travel time spent in this place.
 C = Inter-level travel time spent in this place.
 D = Time resting spent in this place.
 E = Time spent auto-exploring this place.
 F = Levels seen in this place.
 G = Mean time per level.
                   A        B        C        D        E       F      G
               +--------+--------+--------+--------+--------+-----+--------+
         Total |   1315 |   1315 |      0 |    515 |    114 |   2 |  657.5 |
       Dungeon |    600 |    600 |      0 |    332 |     44 |   1 |  600.0 |
       Ossuary |    714 |    714 |      0 |    183 |     70 |   1 |  714.0 |
               +--------+--------+--------+--------+--------+-----+--------+

Top non-repeatable levels by time:
 Ossuary: 714 daAuts
     D:5: 600 daAuts
